 Dungeon Crawl Stone Soup version 0.29-a0-330-g52719c12eb (webtiles) character file.

Game seed: 9317844400869599159

238 Antichthon the Grasshopper (level 6, -4/55 HPs)
             Began as a Naga Warper on Apr 13, 2022.
             Slain by Pargi (6 damage)
             ... in a sewer.
             The game lasted 00:06:06 (2088 turns).

Antichthon the Grasshopper (Naga Warper)            Turns: 2088, Time: 00:06:07

Health: -4/55      AC:  4    Str: 13    XL:     6   Next: 7%
Magic:  9/9        EV:  9    Int: 13    God:
Gold:   55         SH:  0    Dex: 13    Spells: 4/9 levels left

rFire   . . .      SeeInvis +   a - +0 hand axe
rCold   . . .      Faith    .   (no shield)
rNeg    . . .      Spirit   .   b - +0 leather armour
rPois   +          Reflect  .   (no helmet)
rElec   .          Harm     .   (no cloak)
rCorr   .          Rampage  .   h - +0 pair of gloves
Will    .....                   (no barding)
Stlth   ++........              (no amulet)
HPRegen 0.18/turn               (no ring)
MPRegen 0.11/turn               (no ring)

@: short of breath, very slow
A: AC +2, large, see invisible, deformed body, poison resistance, slowness 2,
spit poison 1, naga tail 1
a: Spit Poison


You were in a sewer.
You visited 1 branch of the dungeon, and saw 4 of its levels.
You also visited: Sewer.

You collected 55 gold pieces.

Inventory:

Hand Weapons
 a - a +0 hand axe (weapon)
Missiles
 d - 7 boomerangs of dispersal (quivered)
Armour
 b - a +0 leather armour (worn)
 h - a +0 pair of gloves (worn)
Wands
 j - a wand of acid (4)
 o - a wand of digging (6)
Scrolls
 c - 4 scrolls of blinking
 f - 4 scrolls of fear
 g - a scroll of magic mapping {unknown}
 l - a scroll of teleportation {unknown}
 n - a scroll of summoning {unknown}
Potions
 e - a potion of berserk rage {unknown}
 i - 3 potions of curing {unknown}
 k - a potion of invisibility {unknown}
 m - a potion of flight {unknown}
 p - a potion of magic {unknown}


   Skills:
 * Level 2.4 Fighting
 * Level 2.5 Axes
 * Level 1.0(1.1) Slings
 - Level 0.8(1.1) Throwing
 * Level 1.9 Armour
 * Level 1.9 Dodging
 * Level 2.2 Stealth
 * Level 1.0 Shields
 * Level 2.3 Spellcasting
 * Level 3.5 Translocations
 * Level 1.0 Transmutations
 * Level 1.2 Earth Magic
 * Level 1.5 Invocations


You had 4 spell levels left.
You knew the following spells:

 Your Spells              Type           Power      Damage    Failure   Level
a - Blink                 Tloc           20%        N/A       11%         2
b - Teleport Other        Tloc           10%        N/A       22%         3

Your spell library contained the following spells:

 Spells                   Type           Power      Damage    Failure   Level
 Gell's Gravitas          Tloc           10%        N/A       22%         3
 Lesser Beckoning         Tloc           10%        N/A       22%         3
 Magic Dart               Conj           4%         1d3       30%         1
 Searing Ray              Conj           2%         2d4       43%         2
 Fulminant Prism          Conj/Hex       0%         3d6       97%         4
 Manifold Assault         Tloc           10%        N/A       90%         5


Dungeon Overview and Level Annotations

Branches:
Dungeon (4/15)              Sewer (1/1)
 Temple: D:4-7

Altars:
Qazlal

Annotations:
D:2 1 runed translucent door, Crazy Yiuf
D:4 Blork the orc Sewer Pargi


Innate Abilities, Weirdness & Mutations

Your serpentine skin is tough. (AC +2)
You have supernaturally acute eyesight. (SInv)
Armour fits poorly on your strangely shaped body.
Your system is resistant to poisons. (rPois)
You cover ground very slowly.
You can spit poison.
You have a snake-like lower body.


Message History

Pargi barely misses you. Pargi claws you but does no damage. Pargi misses you.
Aiming: Spit Poison (1% risk of failure)
Press: ? - help, Shift-Dir - straight line, f/p - Pargi
Aim: Pargi (heavily wounded, 50% to hit)
The splash of poison hits Pargi!
Pargi is severely wounded.
Pargi bites you.
* * * LOW HITPOINT WARNING * * *
Pargi claws you but does no damage. x2
You closely miss Pargi.
Pargi is severely wounded.
Pargi bites you but does no damage. Pargi claws you but does no damage. x2
Unknown command.
You hit Pargi.
Pargi is almost dead.
You have got your breath back.
Pargi bites you.
* * * LOW HITPOINT WARNING * * *
Pargi closely misses you. Pargi claws you.
* * * LOW HITPOINT WARNING * * *
Aiming: Spit Poison (1% risk of failure)
Press: ? - help, Shift-Dir - straight line, f/p - Pargi
Aim: Pargi (almost dead, 50% to hit)
The splash of poison misses Pargi.
Pargi bites you.
* * * LOW HITPOINT WARNING * * *
Pargi claws you.
* * * LOW HITPOINT WARNING * * *
Pargi claws you but does no damage.
Aiming: Corrosive Bolt
Press: ? - help, Shift-Dir - straight line, f/p - Pargi
Aim: Pargi (almost dead, 64% to hit)
The bolt of acid misses Pargi.
Pargi bites you but does no damage. Pargi barely misses you. Pargi claws you.
* * * LOW HITPOINT WARNING * * *
Unknown command.
Aiming: Corrosive Bolt
Press: ? - help, Shift-Dir - straight line, f/p - Pargi
Aim: Pargi (severely wounded, 64% to hit)
The bolt of acid misses Pargi.
Pargi bites you.
You die...

###############
#.##.##.##.##.#
#T##.##.##†##†#
#+##+##@##'##'##'##'#
#######...................####
≈≈≈≈≈≈#≈≈≈≈≈≈≈≈≈.≈≈≈≈≈≈≈≈≈#≈≈≈
≈≈≈≈≈≈#≈≈≈≈≈≈≈≈≈∩≈≈≈≈≈≈≈≈≈#≈≈≈
≈≈≈≈≈≈#≈≈≈≈≈≈≈≈≈.≈≈≈≈≈≈≈≈≈#≈≈≈
#...................####
#)##'##'##.##'##'##'#
#.##†##.##.##)##.##)#
#.##.##)##∩##)##.##.#


You could see Pargi.

Vanquished Creatures
  2 scorpions (D:4)
  A hound (D:4)
  Jessica (D:2)
  An adder (Sewer)
  3 worms
  A dart slug (D:1)
  An orc (D:4)
  3 ball pythons (D:1)
  6 endoplasms
  2 giant cockroaches
  A goblin (D:2)
  7 hobgoblins
  9 kobolds
  A quokka (D:1)
  A bat (Sewer)
  5 rats
45 creatures vanquished.

Notes
Turn   | Place    | Note
-------+----------+-------------------------------------------
     0 | D:1      | Antichthon the Naga Warper began the quest for the Orb.
     0 | D:1      | Reached XP level 1. HP: 19/19 MP: 3/3
   160 | D:1      | Reached XP level 2. HP: 24/26 MP: 5/5
   882 | D:1      | Reached XP level 3. HP: 32/32 MP: 6/6
   885 | D:1      | Learned a level 2 spell: Blink
   889 | D:1      | Learned a level 3 spell: Teleport Other
   953 | D:2      | Noticed Jessica
  1122 | D:2      | Killed Jessica
  1123 | D:2      | Reached skill level 1 in Armour
  1123 | D:2      | Reached skill level 1 in Stealth
  1176 | D:2      | Reached XP level 4. HP: 36/39 MP: 7/7
  1267 | D:2      | Found a runed translucent door.
  1268 | D:2      | Noticed Crazy Yiuf
  1501 | D:2      | You fall into a shaft and drop 2 floors!
  1558 | D:4      | Noticed a scorpion
  1565 | D:4      | Killed a scorpion
  1566 | D:4      | Reached skill level 1 in Earth Magic
  1566 | D:4      | Reached skill level 1 in Invocations
  1566 | D:4      | Reached XP level 5. HP: 45/45 MP: 8/8
  1648 | D:4      | Reached skill level 1 in Slings
  1648 | D:4      | Reached skill level 1 in Transmutations
  1660 | D:4      | Noticed Blork the orc
  1793 | D:3      | Found a stormy altar of Qazlal.
  1810 | D:3      | Found a glowing drain.
  1840 | D:3      | Reached skill level 1 in Shields
  1858 | D:3      | Reached XP level 6. HP: 45/55 MP: 9/9
  1904 | Sewer    | Entered a sewer
  2069 | Sewer    | Noticed Pargi
  2087 | Sewer    | HP: 2/55 [Pargi (1)]
  2088 | Sewer    | Slain by Pargi

Illustrated notes

Levels and vault maps discovered:
D:1:      onia_arrival_pentagram, layout_basic
D:2:      layout_loops_ring, minmay_misc_feat_secret_circle,
          corexii_corridor_pit, kennysheep_generic_room_13, uniq_jessica,
          uniq_terence, uniq_crazy_yiuf_cottage
D:3:      layout_loops_cross, grunt_qazlal_sundering,
          cheibrodos_sewer_entry_bend
D:4:      layout_rooms, uniq_blork_the_orc
Sewer:    kennysheep_door_sewer

Skill      XL: |  1  2  3  4  5 |
---------------+----------------+-----
Armour         | 1 |  1.9
Stealth        | 1 2 |  2.2
Earth Magic    | 1 |  1.2
Invocations    | 1 |  1.5
Slings         | 1 |  1.0
Transmutations | 1 |  1.0
Shields        | 1 |  1.0
Fighting       | |  2.4
Axes           | |  2.5
Throwing       | |  0.8
Dodging        | |  1.9
Spellcasting   | |  2.3
Translocations | |  3.5

Action                   |  1- 3 |  4- 6 || total
-------------------------+-------+-------++-------
Melee: Hand axe          |    38 |    73 ||   111
       Punch             |     1 |     2 ||     3
 Abil: Spit Poison       |    18 |    17 ||    35
Evoke: Wand              |       |     2 ||     2
  Use: Scroll            |     1 |       ||     1
 Stab: Sleeping          |       |     7 ||     7
Armor: Leather armour    |     6 |    40 ||    46
Dodge: Dodged            |    16 |    47 ||    63

Table legend: (Time is in decaauts)
 A = Elapsed time spent in this place.
 B = Non-inter-level travel time spent in this place.
 C = Inter-level travel time spent in this place.
 D = Time resting spent in this place.
 E = Time spent auto-exploring this place.
 F = Levels seen in this place.
 G = Mean time per level.
                   A        B        C        D        E       F      G
               +--------+--------+--------+--------+--------+-----+--------+
         Total |   2587 |   2549 |     38 |    265 |   1508 |   5 |  517.4 |
       Dungeon |   2340 |   2302 |     38 |    258 |   1508 |   4 |  585.0 |
         Sewer |    247 |    247 |      0 |      7 |      0 |   1 |  247.0 |
               +--------+--------+--------+--------+--------+-----+--------+

Top non-repeatable levels by time:
     D:1: 1365 daAuts
     D:2: 494 daAuts
   Sewer: 247 daAuts
     D:3: 241 daAuts
     D:4: 239 daAuts
